 Dungeon Crawl Stone Soup version 0.23-a0-481-g60b89c1 (webtiles) character file.

55 zishaf the Chucker (level 3, 0/37 HPs)
             Began as an Ogre Hunter on Nov 30, 2018.
             Slain by a goblin (5 damage)
             ... led by Robin
             ... on level 2 of the Dungeon.
             The game lasted 00:05:49 (1711 turns).

zishaf the Chucker (Ogre Hunter)                    Turns: 1711, Time: 00:05:50

Health: 0/37       AC:  3    Str: 21    XL:     3   Next: 93%
Magic:  3/3        EV: 10    Int: 13    God:
Gold:   48         SH:  0    Dex:  9    Spells: 2/2 levels left

rFire    . . .     SeeInvis .   a - +0 battleaxe
rCold    . . .     Gourm    .   (shield currently unavailable)
rNeg     . . .     Faith    .   e - +0 robe
rPois    .         Spirit   .   (helmet restricted)
rElec    .         Reflect  .   (no cloak)
rCorr    .         Harm     .   (gloves unavailable)
MR       .....                  (boots unavailable)
Stlth    +.........             (no amulet)
HPRegen  0.12/turn              (no ring)
MPRegen  0.08/turn              (no ring)

@: mighty
A: large, unfitting armour, tough skin 1
a: no special abilities


You were on level 2 of the Dungeon.
You were not hungry.

You visited 1 branch of the dungeon, and saw 2 of its levels.

You collected 48 gold pieces.

Inventory:

Hand Weapons
 a - a +0 battleaxe (weapon)
 b - a +0 hunting sling
 s - a +0 club
Missiles
 c - 5 large rocks (quivered)
 d - 2 throwing nets
 n - 24 sling bullets
Armour
 e - a +0 robe (worn)
Scrolls
 h - 5 scrolls of teleportation {unknown}
 i - 3 scrolls of identify {unknown}
 k - 2 scrolls of enchant armour {unknown}
 o - a scroll of random uselessness {unknown}
 q - 2 scrolls of blinking {2pack, unknown}
Potions
 g - a potion of agility
 m - a potion of flight
Comestibles
 f - 7 rations


   Skills:
 + Level 3.6 Fighting
 - Level 0.4 Maces & Flails
 + Level 0.6(2.1) Slings
 + Level 4.4 Throwing
 + Level 2.3 Dodging
 - Level 0.6 Stealth


You had 2 spell levels left.
You didn't know any spells.
Your spell library was empty.

Dungeon Overview and Level Annotations

Branches:
Dungeon (2/15)

Altars:
Kikubaaqudgha
Yredelemnul

Annotations:
D:2 2 transporters, Menkaure, Robin


Innate Abilities, Weirdness & Mutations

You are too large for most types of armour.
You have tough skin. (AC +1)


Message History

The goblin hits you with a cursed -3 hunting sling.
The goblin hits you. The goblin closely misses you.
You barely miss the goblin. You miss the goblin. The goblin barely misses you.
The goblin hits you with a cursed -3 hunting sling.
* * * LOW HITPOINT WARNING * * *
A goblin comes into view. It is wielding a +0 club.
It was a potion of might.
You feel very mighty all of a sudden. The goblin hits you.
* * * LOW HITPOINT WARNING * * *
A hobgoblin comes into view. It is wielding a +0 club.
The goblin closely misses you.
You slash the goblin!
You kill the goblin!
You barely miss the goblin. The goblin hits you.
* * * LOW HITPOINT WARNING * * *
Robin roars a battlecry!
The hobgoblin goes into a battle-frenzy!
The goblin hits you.
You die...

#.......## #........
#.......# ..?....#
......#### ..... #..
#..####.# #@g.....#
..g(g(g#.####.#
..#.##g#.#
#.########## ##
#.##.#.####.##........
.##
#...........##.#.###.#
#.##
##.#####.......#.###.#
##.## #
#####..#.#..#.....#
##.####
#.#........#..#..#...
##...#
#.#...#..###........#


You could see Robin, a hobgoblin and 3 goblins.

Vanquished Creatures
  3 adders (D:2)
  A giant cockroach (D:2)
  5 goblins
  6 hobgoblins
  2 kobolds
  9 bats
  2 frilled lizards
28 creatures vanquished.

Notes
Turn   | Place    | Note
-------+----------+-------------------------------------------
     0 | D:1      | zishaf the Ogre Hunter began the quest for the Orb.
     0 | D:1      | Reached XP level 1. HP: 22/22 MP: 1/1
     7 | D:1      | Noticed an electric eel
   280 | D:1      | Reached XP level 2. HP: 28/31 MP: 2/2
  1070 | D:2      | Found a basalt altar of Yredelemnul.
  1074 | D:2      | Noticed Menkaure
  1075 | D:2      | Found an ancient bone altar of Kikubaaqudgha.
  1089 | D:2      | Found a transporter.
  1103 | D:2      | Found a transporter.
  1144 | D:2      | Reached XP level 3. HP: 34/37 MP: 3/3
  1703 | D:2      | Noticed Robin
  1711 | D:2      | Slain by a goblin

Vault maps used:
D:1:      arrival_aquarium_a, minmay_pentomino_w2
D:2:      gammafunk_temple_of_torment, uniq_robin

Skill      XL: |  1 |
---------------+----+-----
Fighting       | 3 |  3.6
Dodging        | 2 |  2.3
Maces & Flails | |  0.4
Slings         | |  0.6
Throwing       | |  4.4
Stealth        | |  0.6

Action                   || total
-------------------------++-------
Melee: Club              ||    89
       Short sword       ||     9
       Battleaxe         ||    17
 Fire: Hunting sling     ||    49
  Use: Potion            ||     5
  Eat: Chunk             ||     3
Armor: Robe              ||    49
Dodge: Dodged            ||    88

Table legend:
 A = Non-vault XP
 B = Vault XP
 C = Vault XP percentage of total XP
 D = Non-vault monster count
 E = Vault monster count
 F = Vault count percentage of total count
                 A         B        C        D         E       F
            +---------+---------+-------+---------+---------+-------
      Total |      71 |       8 |  10.1 |      24 |       4 |  14.3
            +---------+---------+-------+---------+---------+-------
        D:1 |      18 |       2 |  10.0 |      11 |       1 |   8.3
        D:2 |      53 |       6 |  10.2 |      13 |       3 |  18.8
            +---------+---------+-------+---------+---------+-------
